 Dungeon Crawl Stone Soup version 0.21.1-1-g345015fe64 (webtiles) character file.

37 Lavandula the Magician (level 3, 0/24 HPs)
             Began as a Barachi Earth Elementalist on July 23, 2018.
             Slain by a crimson imp (2 damage)
             ... on level 5 of the Dungeon.
             The game lasted 00:02:53 (381 turns).

Lavandula the Magician (Barachi Earth Elementalist)  Turns: 381, Time: 00:02:54

Health: 0/24       AC:  2    Str:  9    XL:     3   Next: 39%
Magic:  3/8        EV: 12    Int: 16    God:
Gold:   34         SH:  0    Dex: 12    Spells: 5/9 levels left

rFire    . . .     SeeInvis .   f - +0 spear
rCold    . . .     Gourm    .   (no shield)
rNeg     . . .     Faith    .   c - +0 robe
rPois    .         Spirit   .   (no helmet)
rElec    .         Reflect  .   (no cloak)
rCorr    .         Harm     .   (no gloves)
MR       .....                  (no boots)
Stlth    ++........             (no amulet)
HPRegen  0.08/turn              (no ring)
MPRegen  0.11/turn              (no ring)

@: slow
A: +LOS, swims, slowness 1, strong legs 1
a: Hop


You were on level 5 of the Dungeon.
You were not hungry.

You visited 1 branch of the dungeon, and saw 5 of its levels.

You collected 34 gold pieces.

Inventory:

Hand Weapons
 a - a +0 whip
 f - a +0 spear (weapon)
Missiles
 b - 20 stones (quivered)
Armour
 c - a +0 robe (worn)
 i - a +0 chain mail
 j - a +0 scale mail
Potions
 h - a potion of curing
 k - a potion of might
Books
 e - a book of Geomancy

   Spells                             Type                      Level
   a - Sandblast                      Earth                        1
   b - Passwall                       Transmutation/Earth          2
   c - Stone Arrow                    Conjuration/Earth            3
   d - Petrify                        Transmutation/Earth          4
   e - Lee's Rapid Deconstruction     Earth                        5
Comestibles
 d - a ration


   Skills:
 - Level 2.1 Dodging
 - Level 1.7 Stealth
 + Level 3.8 Spellcasting
   Level 1.1 Transmutations
 - Level 3.0 Earth Magic


You had 5 spell levels left.
You knew the following spells:

 Your Spells              Type           Power        Failure   Level  Hunger
a - Sandblast             Erth           ##....       4%          1    None
b - Stone Arrow           Conj/Erth      #.....       28%         3    ###....


Dungeon Overview and Level Annotations

Branches:
Dungeon (5/15)
 Temple: D:4-7

Altars:


Innate Abilities, Weirdness & Mutations

Shadows flee at your approach. (+LOS)
You can swim through water.
You cover ground slowly.
You can hop short distances.


Message History

Casting: Sandblast
Confirm with . or Enter, or press ? or * to list all spells.
Aiming: Sandblast
Press: ? - help, Shift-Dir - straight line, f/p - crimson imp
Aim: a crimson imp (moderately wounded)
The blast of sand hits the crimson imp.
The crimson imp is moderately wounded.
b - 21 stones The crimson imp hits you.
* * * LOW HITPOINT WARNING * * *
Casting: Sandblast
Confirm with . or Enter, or press ? or * to list all spells.
Aiming: Sandblast
Press: ? - help, Shift-Dir - straight line, f/p - crimson imp
Aim: a crimson imp (moderately wounded)
The blast of sand hits the crimson imp.
The crimson imp is heavily wounded.
b - 20 stones The crimson imp hits you.
You die...

. ..##........# o
#.##........# .
#..........# .
###..........### .
.............. .
#..........# . #####
#..........#
.####...####..........###
....)...........@5.......
...##...####.............
...##...####.............
...##...#....######......
...##...#.#### ######
...##...#.# ...##...#.#
...##...#.###
...##.......#####


You could see a crimson imp.

Vanquished Creatures
  An adder (D:4)
  An ooze (D:1)
  A dart slug (D:1)
  A leopard gecko (D:4)
  An orc (D:5)
  4 giant cockroaches
  A hobgoblin (D:3)
  3 jackals (D:1)
  A bat (D:1)
  A goblin (D:2)
  3 kobolds
  A rat (D:1)
19 creatures vanquished.

Notes
Turn   | Place    | Note
-------+----------+-------------------------------------------
     0 | D:1      | Lavandula the Barachi Earth Elementalist began the quest for the Orb.
     0 | D:1      | Reached XP level 1. HP: 13/13 MP: 3/3
    72 | D:1      | Reached XP level 2. HP: 17/19 MP: 0/5
   285 | D:4      | Reached XP level 3. HP: 19/24 MP: 4/8
   310 | D:5      | Entered Level 5 of the Dungeon
   349 | D:5      | Learned a level 3 spell: Stone Arrow
   381 | D:5      | Slain by a crimson imp

Skill      XL: |  1  2 |
---------------+-------+-----
Spellcasting   | 3 |  3.8
Dodging        | |  2.1
Stealth        | |  1.7
Transmutations | |  1.1
Earth Magic    | |  3.0

Action                   || total
-------------------------++-------
Melee: Unarmed           ||     5
       Whip              ||     2
       Spear             ||    44
 Cast: Sandblast         ||    28
 Abil: Hop               ||     1
  Use: Scroll            ||     2
 Stab: Sleeping          ||     1
Armor: Robe              ||     4
Dodge: Dodged            ||    34
